 Dungeon Crawl Stone Soup version 0.30-a0-125-g51eefa89be (webtiles) character file.

Game seed: 10851708475055265123

2235 Flugkiller the Thaumaturge (level 9, -2/79 HPs)
             Began as a Meteoran Ice Elementalist on Sept 18, 2022.
             Was a Follower of Uskayaw.
             Slain by an orc warrior
             ... wielding a +0 glaive
              (18 damage)
             ... in a bailey.
             The game lasted 00:11:55 (2101 turns).

Flugkiller the Thaumaturge (MeIE)                   Turns: 2101, Time: 00:11:55

Health: -2/79      AC:  5    Str:  9    XL:     9   Next: 94%
Magic:  12/19      EV: 13    Int: 28    God:    Uskayaw [*.....]
Gold:   237        SH:  0    Dex: 15    Spells: 16/24 levels left

rFire   + . .      SeeInvis .    b - staff of cold
rCold   + + .      Faith    .    (no shield)
rNeg    . . .      Spirit   .    u - +0 robe
rPois   +          Reflect  .    A - +2 helmet of the Poles {Will+ Dex+2 Stlth+}
rElec   .          Harm     .    x - scarf {rC+ rF+}
rCorr   .          Rampage  .    (no gloves)
Will    ++...                    (no boots)
Stlth   +.........               e - amulet of magic regeneration
HPRegen 0.23/turn                (no ring)
MPRegen 0.56/turn                (no ring)

@: glowing
A: sense surroundings 2, otherworldly, glowing, explore regen, clever 2, low MP
1, poison resistance
a: Renounce Religion, Stomp


You were in a bailey.
You worshipped Uskayaw.
Uskayaw was noncommittal.
You visited 2 branches of the dungeon, and saw 8 of its levels.
You also visited: Sewer and Bailey.

You collected 277 gold pieces.
You spent 40 gold pieces at shops.

Inventory:

Hand Weapons
 a - the +9 dagger of Terror {freeze, Fly rC- Int-5 SInv}
   (You found it on level 4 of the Dungeon)

   It freezes those it strikes, dealing additional cold damage.
   It can also slow down cold-blooded creatures.
   Int:       It affects your intelligence (-5).
   rC:        It makes you vulnerable to cold.
   SInv:      It lets you see invisible.
   Fly:       It grants you flight.
 g - a +0 dagger
   (You took it off a kobold on level 2 of the Dungeon)
 h - a +0 short sword of venom
   (You found it on level 2 of the Dungeon)
Missiles
 c - 6 curare-tipped darts
Armour
 d - the +0 helmet of the Saviour {Harm rF+ Dex+9 Stlth-}
   (You found it on level 3 of the Dungeon)

   Dex:       It affects your dexterity (+9).
   rF:        It protects you from fire.
   Harm:      It increases damage dealt and taken.
   Stlth:     It makes you less stealthy.
 u - a +0 robe (worn)
 x - a scarf of resistance (worn)
   (You found it on level 5 of the Dungeon)
 A - the +2 helmet of the Poles (worn) {Will+ Dex+2 Stlth+}
   (You took it off Robin on level 3 of the Dungeon)

   Dex:       It affects your dexterity (+2).
   Will:      It increases your willpower.
   Stlth:     It makes you more stealthy.
Magical Staves
 b - a staff of cold (weapon)
   (You acquired it on level 3 of the Dungeon)
 q - a staff of fire
   (You found it on level 3 of the Dungeon)
Jewellery
 e - an amulet of magic regeneration (around neck)
   (You found it on level 3 of the Dungeon)
 s - an amulet of faith
   (You found it on level 3 of the Dungeon)
 v - a +4 ring of evasion
   (You found it on level 6 of the Dungeon)
Scrolls
 m - a scroll of immolation {unknown}
 n - a scroll of butterflies {unknown}
 t - 3 scrolls of teleportation
 y - a scroll of noise {unknown}
 z - a scroll of silence {unknown}
Potions
 f - a potion of ambrosia
 i - a potion of magic
 j - a potion of berserk rage
 k - a potion of brilliance {unknown}
 l - a potion of degeneration {unknown}
 o - 2 potions of might {unknown}
 p - a potion of attraction {unknown}
 r - a potion of cancellation {unknown}
 w - 2 potions of heal wounds


   Skills:
 - Level 7.0 Fighting
 - Level 4.0 Dodging
 - Level 1.4 Stealth
 + Level 6.3 Unarmed Combat
 - Level 8.0 Spellcasting
 + Level 0.0 Conjurations
 - Level 6.2 Ice Magic
 - Level 4.0 Evocations


You had 16 spell levels left.
You knew the following spells:

 Your Spells              Type           Power      Damage    Failure   Level
a - Freeze                Ice            100%       1d11      1%          1
b - Frozen Ramparts       Ice            100%       1d16      1%          3
c - Hailstorm             Conj/Ice       43%        3d10      14%         4

Your spell library contained the following spells:

 Spells                   Type           Power      Damage    Failure   Level
 Ozocubu's Armour         Ice            62%        N/A       1%          3
 Necrotise                Necr           44%        1d6       4%          1
 Vampiric Draining        Necr           11%        2d6       14%         3
 Agony                    Necr           11%        N/A       80%         5


Dungeon Overview and Level Annotations

Branches:
Dungeon (7/15) Zot: 2483   Temple (1/1) D:7 Zot: 537   Sewer (visited)
 Bailey (1/1) Zot: 448

Altars:
Dithmenos
Fedhas
Kikubaaqudgha
Makhleb
Ru
Uskayaw
Yredelemnul
The Shining One

Shops:
D:2 *(

Annotations:
D:5 Eustachio


Innate Abilities, Weirdness & Mutations

You passively map the area around you.
You are easily found by Zot.
You glow in the dark.
You regain HP and MP as you explore.
Your mind is very acute. (Int +8, Str/Dex -2)
Your magical capacity is low. (-10% MP)
Your system is resistant to poisons. (rPois)


Message History

Casting: Hailstorm (dangerous; 14% risk of failure)
Confirm with . or Enter, or press ? or * to list all spells.
You feel a surge of power!
A cannonade of hail descends around you!
The hail pelts the centaur.
The centaur is heavily wounded.
The centaur is no longer paralysed.
The centaur hits you from afar with a +0 trident.
* * * LOW HITPOINT WARNING * * *
An orc comes into view. It is wielding a +0 trident.
The centaur closely misses you.
Casting: Hailstorm (dangerous; 14% risk of failure)
Confirm with . or Enter, or press ? or * to list all spells.
You feel a surge of power!
A cannonade of hail descends around you!
The hail pelts the centaur!
You kill the centaur!
Your frozen ramparts will break if you move.
Continue?
Okay, then.
The wall freezes the orc!
The wall freezes the orc.
You kill the orc!
Uskayaw will force your foes to share their pain.
The frozen ramparts melt away as you move.
You now have 237 gold pieces (gained 12).
An orc warrior comes into view. It is wielding a +0 spear.
The orc warrior shouts!
There is an open door here.
Casting: Hailstorm (dangerous; 14% risk of failure)
Confirm with . or Enter, or press ? or * to list all spells.
You can't see any susceptible monsters within range! (Use Z to cast anyway.)
Casting: Hailstorm (dangerous; 14% risk of failure)
Confirm with . or Enter, or press ? or * to list all spells.
You feel a surge of power!
The walls around you are covered in ice.
You can no longer pass through a line of other dancers.
Casting: Frozen Ramparts (safe; 1% risk of failure)
Confirm with . or Enter, or press ? or * to list all spells.
You feel a surge of power!
A cannonade of hail descends around you!
The hail pelts the orc warrior!!
The orc warrior is almost dead.
The wall freezes the orc warrior!
You kill the orc warrior!
You can now pass through a line of other dancers.
Your Unarmed Combat skill increases to level 6!
Unknown command.
The frozen ramparts melt away as you move.
There is an open door here.
There is an open door here.
You can no longer pass through a line of other dancers.
Things that are here:
a +0 bardiche; a +0 scale mail An orc comes into view.
It is wielding a +0 halberd.
Items here: ))) [[[ †.
The orc shouts!
Casting: Hailstorm (dangerous; 14% risk of failure)
Confirm with . or Enter, or press ? or * to list all spells.
You feel a surge of power!
A cannonade of hail descends around you!
The hail pelts the orc!
You kill the orc!
An orc warrior comes into view. It is wielding a +0 glaive.
An orc comes into view. It is wielding a +0 halberd.
The orc warrior shouts!
The orc shouts!
Things that are here:
a +0 halberd; a +0 ring mail; an orc corpse
Casting: Hailstorm (dangerous; 14% risk of failure)
Confirm with . or Enter, or press ? or * to list all spells.
You feel a surge of power!
You miscast Hailstorm.
You are very lightly contaminated with residual magic.
Nothing appears to happen.
Items here: ))) [[[ †.
Things that are here:
a +0 bardiche; a +0 scale mail Your magical contamination has completely faded away.
There is an open door here.
Things that are here:
a +0 halberd; a +3 chain mail
Items here: $ ( ) [.
The orc warrior barely misses you.
The orc warrior hits you from afar with a +0 glaive!
Casting: Hailstorm (dangerous; 14% risk of failure)
Confirm with . or Enter, or press ? or * to list all spells.
You feel a surge of power!
A cannonade of hail descends around you!
The hail pelts the orc warrior.
The orc warrior is moderately wounded.
The orc warrior hits you from afar with a +0 glaive!
* * * LOW HITPOINT WARNING * * *
Casting: Hailstorm (dangerous; 14% risk of failure)
Confirm with . or Enter, or press ? or * to list all spells.
You feel a surge of power!
A cannonade of hail descends around you!
The hail pelts the orc warrior!!
The orc warrior is almost dead.
The hail pelts the orc!
You kill the orc!
The orc warrior hits you from afar with a +0 glaive!!
You die...

, #.⌠.≈≈≈...≈≈≈.⌠.# ,
#..≈≈..≈.≈..≈≈..# *
⌠#.≈≈.≈≈≈)≈≈≈.≈≈.#
,,##.≈.≈≈.))).≈≈.≈.#
*~ #.≈≈.≈.≈≈≈≈≈.≈.≈≈.
~ #.≈.≈≈.≈...≈)≈≈.≈. ,
#.≈.≈.≈≈...≈≈.≈.≈.
#.≈.≈.≈.⌠∩⌠.≈.≈.≈. ~
,#@≈.≈.≈..∩..≈.≈.≈.
*~,,#.≈.≈.≈.⌠∩⌠.≈.≈.≈.
~ #.≈o≈.≈≈...≈≈.≈.≈.
#.≈)≈≈.≈...≈.≈≈.≈. ~,
#.≈≈.≈.≈≈.≈≈.≈.≈≈.
+..≈.≈≈.≈.≈.≈≈.≈.. *~
#.....≈≈...≈≈.....
#......≈≈≈≈≈......
#≈≈≈≈.....))..≈≈≈≈


You could see an orc warrior.

Vanquished Creatures
  Sigmund (D:6)
  A steam dragon (D:6)
  2 orc warriors (Bailey)
  2 ice beasts (D:6)
  2 black bears
  3 centaurs (Bailey)
  A phantom (D:6)
  A bullfrog (D:7)
  A kobold brigand (D:7)
  A necrophage (D:4)
  2 scorpions
  3 orc priests
  2 hounds
  6 jellies
  Jessica (D:3)
  An iguana (D:4)
  Ijyb (D:5)
  4 orc wizards
  Robin (D:3)
  4 gnolls (D:5)
  A river rat (Sewer)
  6 adders
  2 shadow imps
  A worm (D:3)
  A dart slug (D:2)
  41 orcs
  6 ball pythons
  14 endoplasms
  6 giant cockroaches
  12 goblins
  9 hobgoblins
  3 jackals (D:4)
  6 kobolds
  2 quokkas
  3 bats
  4 frilled lizards (Sewer)
  5 rats
162 creatures vanquished.

Notes
Turn   | Place    | Note
-------+----------+-------------------------------------------
     0 | D:1      | Flugkiller the Meteoran Ice Elementalist began the quest
                  | for the Orb.
     0 | D:1      | Reached XP level 1. HP: 14/14 MP: 5/5
   102 | D:2      | Reached skill level 3 in Spellcasting
   102 | D:2      | Reached XP level 2. HP: 20/20 MP: 1/7
   133 | D:2      | Found a glowing golden altar of the Shining One.
   215 | D:2      | Reached XP level 3. HP: 21/26 MP: 2/9
   230 | D:2      | Found Qemyjid's Antique Weapon Shop.
   233 | D:2      | Found Yboelloq's General Store.
   245 | D:2      | Bought a scroll of identify for 20 gold pieces
   245 | D:2      | Bought a scroll of identify for 20 gold pieces
   251 | D:2      | Learned a level 3 spell: Frozen Ramparts
   291 | D:3      | Identified the +2 helmet of the Poles {Will+ Dex+2 Stlth+}
   291 | D:3      | Noticed Robin
   295 | D:3      | Reached skill level 5 in Ice Magic
   320 | D:2      | Reached skill level 4 in Spellcasting
   320 | D:2      | Reached XP level 4. HP: 18/33 MP: 11/11
   362 | D:3      | Killed Robin
   364 | D:3      | Noticed Jessica
   369 | D:3      | Killed Jessica
   370 | D:3      | Reached XP level 5. HP: 13/38 MP: 3/12
   383 | D:3      | Found a glowing drain.
   398 | Sewer    | Entered a sewer
   460 | Sewer    | Reached skill level 1 in Fighting
   496 | Sewer    | Reached XP level 6. HP: 31/50 MP: 9/13
   575 | Sewer    | Found a shimmering altar of Xom.
   593 | Sewer    | Gained mutation: You occasionally lose the ability to read
                  | scrolls when taking damage. [potion of mutation]
   594 | Sewer    | Lost mutation: You occasionally lose the ability to read
                  | scrolls when taking damage. [potion of mutation]
   594 | Sewer    | Gained mutation: You occasionally lose the ability to drink
                  | potions when taking damage. [potion of mutation]
   594 | Sewer    | Gained mutation: You are frail. (-10% HP) [potion of
                  | mutation]
   594 | Sewer    | Gained mutation: You are partially covered in iridescent
                  | scales. (AC +2) [potion of mutation]
   594 | Sewer    | Lost mutation: You are frail. (-10% HP) [potion of
                  | mutation]
   595 | Sewer    | Lost mutation: You are partially covered in iridescent
                  | scales. (AC +2) [potion of mutation]
   595 | Sewer    | Lost mutation: You occasionally lose the ability to drink
                  | potions when taking damage. [potion of mutation]
   595 | Sewer    | Gained mutation: Your system is resistant to poisons.
                  | (rPois) [potion of mutation]
   595 | Sewer    | Gained mutation: Your magical capacity is low. (-10% MP)
                  | [potion of mutation]
   595 | Sewer    | Gained mutation: Your mind is acute. (Int +4, Str/Dex -1)
                  | [potion of mutation]
   595 | Sewer    | Gained mutation: Your mind is very acute. (Int +8, Str/Dex
                  | -2) [potion of mutation]
   660 | D:3      | Identified the +0 helmet of the Saviour {Harm rF+ Dex+9
                  | Stlth-}
   799 | D:3      | Identified a scroll of acquirement
   819 | D:3      | Acquired a staff of cold
   867 | D:4      | Reached XP level 7. HP: 59/59 MP: 10/13
   915 | D:4      | Reached skill level 5 in Spellcasting
   996 | D:4      | Reached XP level 8. HP: 64/67 MP: 12/15
  1003 | D:4      | Identified the +9 dagger of Terror {freeze, Fly rC- Int-5
                  | SInv}
  1020 | D:5      | Entered Level 5 of the Dungeon
  1146 | D:5      | Noticed Eustachio
  1163 | D:5      | Noticed Ijyb
  1168 | D:5      | Killed Ijyb
  1169 | D:5      | Reached skill level 6 in Spellcasting
  1242 | D:6      | Reached skill level 5 in Fighting
  1295 | D:6      | Reached skill level 1 in Unarmed Combat
  1295 | D:6      | Reached skill level 1 in Evocations
  1379 | D:6      | Reached skill level 7 in Spellcasting
  1447 | D:5      | Gained mutation: You passively map the area around you.
                  | [Meteoran growth]
  1447 | D:5      | Reached XP level 9. HP: 68/74 MP: 17/19
  1684 | D:6      | Noticed Sigmund
  1690 | D:6      | Killed Sigmund
  1691 | D:6      | Reached skill level 8 in Spellcasting
  1820 | D:7      | Found a staircase to the Ecumenical Temple.
  1825 | Temple   | Entered the Ecumenical Temple
  1877 | Temple   | Became a worshipper of Uskayaw the Reveller
  1929 | D:7      | Reached * piety under Uskayaw
  1931 | D:7      | Reached ** piety under Uskayaw
  1938 | D:7      | Found a flagged portal.
  1946 | D:7      | Reached *** piety under Uskayaw
  1950 | Bailey   | Entered a bailey
  1956 | Bailey   | Learned a level 4 spell: Hailstorm
  1970 | Bailey   | Reached skill level 5 in Unarmed Combat
  2040 | Bailey   | Reached **** piety under Uskayaw
  2101 | Bailey   | Slain by an orc warrior

Illustrated notes

Levels and vault maps discovered:
D:1:      eino_arrival_cavern_d, layout_rooms, serial_aquarium,
          aquarium_bridge_square [aquarium_subvault_balcony,
          aquarium_subvault_bridge, aquarium_subvault_balcony,
          aquarium_subvault_window], aquarium_window_2, aquarium_window_1,
          aquarium_window_double, aquarium_view_2c, aquarium_balcony_double_3
D:2:      layout_loops_ring, hellmonk_ecumenical_altar_heavens_door,
          serial_shops, shop, shop, shop, shop, nicolae_square_shop,
          basic_altar, uniq_crazy_yiuf_cottage
D:3:      layout_rooms, cheibrodos_sewer_entry_drain, serial_co_window_serial,
          co_window_paths_a, co_window_of_opportunity_a, co_window_paths_a,
          co_window_paths_b, co_window_corner_a, co_window_of_opportunity_a,
          co_window_corner_a, co_window_corner_cb, co_window_corner_b,
          co_window_paths_c, co_window_paths_c, co_window_4corner_b,
          uniq_natasha, uniq_jessica, uniq_robin
D:4:      layout_loops_cross
D:5:      layout_loops_corners, fountainhead, uniq_eustachio, uniq_ijyb
D:6:      layout_cave_pods, uniq_sigmund
D:7:      layout_rooms, minmay_temple_entry_grid, enter_bailey_4, uniq_menkaure
Temple:   nicolae_temple_slightly_damp_pantheon
Bailey:   bailey_polearm_flooded_kennysheep, bailey

Skill      XL: |  1  2  3  4  5  6  7  8  9 |
---------------+----------------------------+-----
Spellcasting   | 3 4 5 7 8 |  8.0
Ice Magic      | 5 6 |  6.2
Fighting       | 2 4 5 7 |  7.0
Dodging        | 3 4 |  4.0
Unarmed Combat | 2 6 |  6.3
Evocations     | 2 4 |  4.0
Stealth        | |  1.4

Action                   |  1- 3 |  4- 6 |  7- 9 || total
-------------------------+-------+-------+-------++-------
Melee: Unarmed           |     4 |       |       ||     4
       Short sword       |     9 |    13 |       ||    22
       Staff             |       |       |    70 ||    70
 Cast: Freeze            |    33 |    51 |    51 ||   135
       Frozen Ramparts   |       |     8 |    20 ||    28
       Hailstorm         |       |       |    15 ||    15
Evoke: Wand              |       |       |    19 ||    19
  Use: Scroll            |     2 |     2 |     2 ||     6
       Potion            |     1 |     3 |     3 ||     7
Armor: Robe              |     9 |    16 |    49 ||    74
Dodge: Dodged            |    23 |    28 |    96 ||   147

Table legend: (Time is in decaauts)
 A = Elapsed time spent in this place.
 B = Non-inter-level travel time spent in this place.
 C = Inter-level travel time spent in this place.
 D = Time resting spent in this place.
 E = Time spent auto-exploring this place.
 F = Levels seen in this place.
 G = Mean time per level.
                   A        B        C        D        E       F      G
               +--------+--------+--------+--------+--------+-----+--------+
         Total |   2151 |   2022 |    129 |      0 |      0 |  10 |  215.1 |
       Dungeon |   1716 |   1587 |    129 |      0 |      0 |   7 |  245.1 |
        Temple |     62 |     62 |      0 |      0 |      0 |   1 |   62.0 |
         Sewer |    221 |    221 |      0 |      0 |      0 |   1 |  221.0 |
        Bailey |    150 |    150 |      0 |      0 |      0 |   1 |  150.0 |
               +--------+--------+--------+--------+--------+-----+--------+

Top non-repeatable levels by time:
     D:5: 398 daAuts
     D:6: 359 daAuts
     D:3: 324 daAuts
     D:2: 244 daAuts
   Sewer: 221 daAuts
     D:4: 198 daAuts
  Bailey: 150 daAuts
     D:1: 96 daAuts
     D:7: 95 daAuts
  Temple: 62 daAuts
